 Dungeon Crawl Stone Soup version 0.29-a0-892-g2c4c91d9db (webtiles) character file.

Game seed: 11329386193819302119

16 Spectrina the Magician (level 2, 0/22 HPs)
             Began as a Djinni Arcane Marksman on July 22, 2022.
             Slain by a goblin
             ... wielding a +0 club
              (1 damage)
             ... on level 1 of the Dungeon.
             The game lasted 00:02:48 (296 turns).

Spectrina the Magician (Djinni Arcane Marksman)      Turns: 296, Time: 00:02:49

Health: 0/22       AC:  2    Str:  9    XL:     2   Next: 75%
Gold:   19         EV: 12    Int: 14    God:
                   SH:  0    Dex: 13

rFire   + + .      SeeInvis .   a - +0 sling
rCold   x . .      Faith    .   (no shield)
rNeg    . . .      Spirit   .   c - +0 robe
rPois   ∞          Reflect  .   (no helmet)
rElec   .          Harm     .   (no cloak)
rCorr   .          Rampage  .   (no gloves)
Will    .....                   (boots unavailable)
Stlth   +.........              (no amulet)
HPRegen 0.07/turn               (no ring)
MPRegen 0.00/turn               (no ring)

@: flying
A: sickness immunity, fire resistance 2, cold vulnerability 1, float, innate
caster, HP casting, extra vitality 1
a: no special abilities


You were on level 1 of the Dungeon.
You visited 1 branch of the dungeon, and saw 2 of its levels.

You collected 19 gold pieces.

Inventory:

Hand Weapons
 a - a +0 sling (weapon)
Armour
 c - a +0 robe (worn)
Scrolls
 b - a scroll of vulnerability
 f - a scroll of identify {unknown}
 g - a scroll of summoning {unknown}
Potions
 d - a potion of lignification {unknown}
 e - a potion of resistance {unknown}


   Skills:
 - Level 1.0 Fighting
 - Level 1.5 Ranged Weapons
 - Level 2.1 Dodging
 + Level 3.0 Spellcasting


You couldn't memorise any spells.
You knew the following spells:

 Your Spells              Type           Power      Damage    Failure   Level
a - Slow                  Hex            40%        N/A       6%          1
b - Inner Flame           Hex/Fire       10%        N/A       19%         3
c - Portal Projectile     Hex/Tloc       20%        N/A       19%         3
d - Cause Fear            Hex            5%         N/A       52%         4
Your spell library was empty.

Dungeon Overview and Level Annotations

Branches:
Dungeon (2/15)

Altars:


Innate Abilities, Weirdness & Mutations

You are immune to sickness and miasma.
You are immune to poison.
Your flesh is very heat resistant. (rF++)
You are vulnerable to cold. (rC-)
You float through the air rather than walking.
You learn spells naturally, not from books.
Your magical power is your life essence.
You have superior vitality. (+4 MHP)


Message History

The goblin is moderately wounded.
Fire: a) +0 sling
Press: ? - help, Q - select action, (/) - cycle Shift-Dir - straight line, f/p - goblin
Aim: a goblin, wielding a +0 club (moderately wounded, 43% to hit)
You shoot a sling bullet.
The sling bullet barely misses the goblin.
Fire: a) +0 sling
Press: ? - help, Q - select action, (/) - cycle Shift-Dir - straight line, f/p - goblin
Aim: a goblin, wielding a +0 club (moderately wounded, 43% to hit)
You shoot a sling bullet.
The sling bullet closely misses the goblin.
Unknown command.
Okay, then.
There is an open door here.
There is an open door here.
Fire: a) +0 sling
Press: ? - help, Q - select action, (/) - cycle Shift-Dir - straight line, f/p - goblin
Aim: a goblin, wielding a +0 club (43% to hit)
You shoot a sling bullet.
The sling bullet barely misses the goblin.
Fire: a) +0 sling
Press: ? - help, Q - select action, (/) - cycle Shift-Dir - straight line, f/p - goblin
Aim: a goblin, wielding a +0 club (43% to hit)
You shoot a sling bullet. The sling bullet hits the goblin.
The goblin is severely wounded.
Fire: a) +0 sling
Press: ? - help, Q - select action, (/) - cycle Shift-Dir - straight line, f/p - goblin
Aim: a goblin, wielding a +0 club (severely wounded, 43% to hit)
You shoot a sling bullet.
The sling bullet closely misses the goblin.
The goblin barely misses you.
Fire: a) +0 sling
Press: ? - help, Q - select action, (/) - cycle Shift-Dir - straight line, f/p - goblin
Aim: a goblin, wielding a +0 club (severely wounded, 43% to hit)
You shoot a sling bullet.
The sling bullet closely misses the goblin.
The goblin hits you with a +0 club.
* * * LOW HITPOINT WARNING * * *
The goblin hits you with a +0 club.
You die...

#.... ##...............
#....####................
#.........#..............
#.....##'###......>......
#.....#≈≈≈############...
#.....†≈≈≈+.##### .
#....##≈≈≈#.....#####
#.... ##g##.....##..
#.... #.@......##.# #....
#........##.####### ##.##
#.......)....†>.... #.
#........##.#######
#........##.#
#........##.#
#........##.#
###########.# #.#


You could see a goblin.

Vanquished Creatures
  A dart slug (D:1)
  A ball python (D:2)
  An endoplasm (D:1)
  A goblin (D:1)
  2 hobgoblins
  2 kobolds
  2 quokkas (D:1)
  A bat (D:1)
  2 frilled lizards (D:2)
13 creatures vanquished.

Notes
Turn   | Place    | Note
-------+----------+-------------------------------------------
     0 | D:1      | Spectrina the Djinni Arcane Marksman began the quest for
                  | the Orb.
     0 | D:1      | Spectrina set off with the following spells memorised:
                  | Slow, Inner Flame, Portal Projectile, Cause Fear.
     0 | D:1      | Reached XP level 1. HP: 17/17 MP: 0/0
   164 | D:2      | Reached XP level 2. HP: 13/22 MP: 0/0
   245 | D:1      | Reached skill level 3 in Spellcasting
   296 | D:1      | HP: 1/22 [goblin/+0 club (3)]
   296 | D:1      | Slain by a goblin

Illustrated notes

Levels and vault maps discovered:
D:1:      evilmike_arrival_hilbert_curve, layout_rooms, minmay_liquid_box,
          minmay_nonomino_d4
D:2:      layout_basic, hellmonk_ecumenical_altar_zigzags,
          hangedman_decor_riveting, grunt_ministairs_2,
          chequers_decorated_corner

Skill      XL: |  1  2 |
---------------+-------+-----
Spellcasting   | 3 |  3.0
Fighting       | |  1.0
Ranged Weapons | |  1.5
Dodging        | |  2.1

Action                   || total
-------------------------++-------
 Fire: Sling             ||    70
Armor: Robe              ||     6
Dodge: Dodged            ||    27

Table legend: (Time is in decaauts)
 A = Elapsed time spent in this place.
 B = Non-inter-level travel time spent in this place.
 C = Inter-level travel time spent in this place.
 D = Time resting spent in this place.
 E = Time spent auto-exploring this place.
 F = Levels seen in this place.
 G = Mean time per level.
                   A        B        C        D        E       F      G
               +--------+--------+--------+--------+--------+-----+--------+
         Total |    317 |    317 |      0 |      0 |      0 |   2 |  158.5 |
       Dungeon |    317 |    317 |      0 |      0 |      0 |   2 |  158.5 |
               +--------+--------+--------+--------+--------+-----+--------+

Top non-repeatable levels by time:
     D:2: 182 daAuts
     D:1: 135 daAuts
